AoeStats
← Fs.Black_

Oasis

508981848Analyzed
4v4 RM · 7d ago on Sep 24, 2026· 34m 3s· 8 players
Game mode
Random Map
Map size
Large (8 player)
Population
200
Speed
Normal
Resources
Standard
Victory
Conquest
Starting age
Dark Age
Ending age
Imperial Age
RankedLock teamsTeams togetherTeam positionsShared explorationLock speedFull tech treeHidden civsTurbo modeCheats
Victory
Defeat
🇧🇷 Varangians · Brazil
1868
+9
🇨🇦 Saxons · Canada
1721
+15
🇧🇷 Ethiopians · Brazil
1641
+18
🇧🇷 Mongols · Brazil
1618
+19
🇮🇳 Tupi · India
1883
-22
🇺🇸 Varangians · United States
1824
-20
🇺🇸 Ethiopians · United States
1579
-11
🇺🇸 Danes · United States
1496
-8
_kill3rJ
6:36 Loom
8:45 Feudal Age
10:26 Double-Bit Axe
13:54 Fletching
17:07 Padded Archer Armor
23:51 Castle Age
23:16 Gold Mining
23:07 Horse Collar
24:26 Bodkin Arrow
23:53 Crossbowman
25:02 Leather Archer Armor
26:11 Ballistics
28:18 Wheelbarrow
30:21 Wheelbarrow
link_chaos
4:18 Loom
11:53 Feudal Age
22:33 Double-Bit Axe
29:53 Castle Age
MrWrong
8:54 Feudal Age
8:59 Loom
10:58 Horse Collar
15:10 Wheelbarrow
15:10 Forging
16:11 Scale Barding Armor
16:43 Bloodlines
21:36 Castle Age
22:16 Double-Bit Axe
22:39 Light Cavalry
23:56 Bow Saw
26:15 Chain Barding Armor
29:55 Iron Casting
30:10 Hand Cart
30:21 Heavy Plow
Fenrir
8:46 Feudal Age
10:01 Double-Bit Axe
10:05 Horse Collar
13:17 Wheelbarrow
18:09 Castle Age
15:56 Loom
18:12 Castle Age
17:27 Bloodlines
17:54 Scale Barding Armor
18:49 Light Cavalry
26:25 Chain Barding Armor
26:54 Gold Mining
Fs.Neras
8:49 Feudal Age
9:23 Double-Bit Axe
9:27 Horse Collar
14:03 Bloodlines
15:47 Forging
17:03 Scale Barding Armor
18:57 Loom
21:39 Castle Age
22:47 Chain Barding Armor
23:02 Iron Casting
24:41 Husbandry
30:45 Heavy Plow
34:01 Stone Mining
Fs.Shiling
6:37 Loom
9:14 Feudal Age
9:52 Double-Bit Axe
14:40 Town Watch
15:20 Scale Barding Armor
16:30 Forging
20:01 Bloodlines
22:51 Castle Age
24:00 Chain Barding Armor
23:52 Husbandry
23:35 Light Cavalry
27:25 Gold Mining
29:50 Stone Mining
30:32 Horse Collar
34:29 Wheelbarrow
Fs.Black_
4:55 Loom
6:28 Loom
9:09 Feudal Age
13:20 Fletching
18:52 Padded Archer Armor
23:31 Castle Age
22:00 Double-Bit Axe
23:46 Crossbowman
24:22 Bodkin Arrow
28:14 Leather Archer Armor
29:30 Bow Saw
31:06 Ballistics
Fs.BlinkAoE
6:35 Loom
8:42 Feudal Age
8:54 Man-at-Arms
14:35 Fletching
21:35 Double-Bit Axe
26:29 Castle Age
24:57 Padded Archer Armor
25:03 Stone Mining
25:04 Gold Mining
27:26 Wheelbarrow
27:13 Bodkin Arrow
26:40 Crossbowman
28:04 Guard Tower
29:45 Ballistics
29:54 Leather Archer Armor
30:04 Town Watch
31:21 Scale Mail Armor
Connection lost

Rejoining the realm…

Still unreachable

The connection could not be restored.

Session expired

The server has moved on; the page needs a fresh start.